 Dungeon Crawl Stone Soup version 0.18.1-48-g4cf74bf (webtiles) character file.

477 nikopol the Chopper (level 7, -7/61 HPs)
             Began as a Hill Orc Berserker on July 28, 2016.
             Was a Believer of Trog.
             Mangled by Situis's ghost (12 damage)
             ... on level 5 of the Dungeon.
             The game lasted 00:07:00 (3181 turns).

nikopol the Chopper (Hill Orc Berserker)            Turns: 3181, Time: 00:07:00

Health: -7/61      AC: 11    Str: 21    XL:     7   Next: 11%
Magic:  7/7        EV: 11    Int:  7    God:    Trog [**....]
Gold:   183        SH:  0    Dex: 11    Spells: 0 memorised, 6 levels left

rFire  . . .     SeeInvis .     a - +0 hand axe
rCold  . . .     Gourm    .     s - +0 scale mail
rNeg   . . .     Faith    .     (no shield)
rPois  .         Spirit   .     (no helmet)
rElec  .         Dismiss  .     t - +0 cloak
rCorr  +         Reflect  .     (no gloves)
SustAt .         Harm     .     u - +2 pair of boots
MR     ++...                    (no amulet)
Stlth  ..........               (no ring)
                                r - ring of resist corrosion

@: exhausted, regenerating, slowed, very slow, very resistant to hostile
enchantments, extremely unstealthy
A: no striking features
a: Berserk, Trog's Hand, Burn Spellbooks, Renounce Religion


You were on level 5 of the Dungeon.
You worshipped Trog.
Trog was pleased with you.
You were very hungry.

You visited 1 branch of the dungeon, and saw 5 of its levels.

You collected 183 gold pieces.

Inventory:

Hand Weapons
 a - a +0 hand axe (weapon)
Armour
 s - a +0 scale mail (worn)
 t - a +0 cloak (worn)
 u - a +2 pair of boots (worn)
Jewellery
 r - a ring of resist corrosion (left hand)
Scrolls
 e - 5 scrolls of remove curse
 g - 2 scrolls of identify {unknown}
 h - a scroll of magic mapping {unknown}
 k - 2 scrolls of enchant armour {unknown}
 w - 2 scrolls of blinking {unknown}
 y - 3 scrolls of noise {unknown}
 B - a scroll of enchant weapon {unknown}
Potions
 d - 2 potions of haste {unknown}
 m - a potion of mutation {unknown}
 o - a potion of cure mutation {unknown}
 p - a potion of flight {unknown}
 q - 2 potions of brilliance {unknown}
 v - a potion of might {unknown}
 x - a potion of heal wounds {unknown}
 z - a potion of degeneration {unknown}
 C - a potion of agility {unknown}
Comestibles
 c - 2 bread rations
 i - a slice of pizza
 l - 3 fruits
 n - 4 meat rations
 D - 4 chunks of flesh


   Skills:
 + Level 5.6 Fighting
 + Level 6.0 Axes
 + Level 4.7 Armour
 + Level 3.2 Dodging


You had 6 spell levels left.
You didn't know any spells.

Dungeon Overview and Level Annotations

Branches:
Dungeon (5/15)             Temple (0/1) D:4

Altars:
Ashenzari
Cheibriados
Dithmenos
Elyvilon
Okawaru
Ru
Trog
Yredelemnul

Annotations:
D:5 Situis's ghost, novice HOFi


Message History

Situis's ghost is severely damaged.
Situis's ghost hits you. Situis's ghost hits you!
* * * LOW HITPOINT WARNING * * *
You slash Situis's ghost!
Situis's ghost is almost destroyed.
Situis's ghost hits you!
* * * LOW HITPOINT WARNING * * *
You hit Situis's ghost but do no damage.
Situis's ghost is almost destroyed.
Situis's ghost hits you.
* * * LOW HITPOINT WARNING * * *
Situis's ghost hits you.
* * * LOW HITPOINT WARNING * * *
Your scale mail prevents you from hitting Situis's ghost.
Situis's ghost is almost destroyed.
Situis's ghost barely misses you.
Your skin crawls.
You feel resistant to hostile enchantments.
You feel slightly more hungry. Situis's ghost hits you!
You die...

######## #+###......##
#.#...<.....#
#.#.#.....#.#
#.#.#.....#.#
#.#.#...#.#.#
#.#.#...#.#.##########
###.#.....#....รท@W......
....#...#...#$#####...!.
..........#.#.# ###
#####.......#.#
........#.###.#
#######.#.# #.#
........#.# #.#
#########.# #.# #=#


You could see Situis's ghost.

Vanquished Creatures
  Edmund (D:4)
  A scorpion (D:4)
  A howler monkey (D:4)
  A giant frog skeleton (D:4)
  Jessica (D:3)
  An orc wizard (D:4)
  3 worker ants (D:4)
  2 hound skeletons (D:4)
  3 adders
  An adder skeleton (D:4)
  A worm (D:3)
  2 dart slugs
  2 giant geckos
  4 orcs
  2 ball pythons
  6 giant cockroaches
  3 goblins
  7 hobgoblins
  10 jackals
  6 kobolds
  A giant gecko skeleton (D:4)
  3 giant newts
  A quokka skeleton (D:4)
  2 rats
  2 butterflies (D:4)
67 creatures vanquished.

Notes
Turn   | Place    | Note
--------------------------------------------------------------
     0 | D:1      | nikopol the Hill Orc Berserker began the quest for the Orb.
     0 | D:1      | Reached XP level 1. HP: 19/19 MP: 1/1
   236 | D:1      | Reached XP level 2. HP: 27/27 MP: 2/2
   673 | D:2      | Reached XP level 3. HP: 28/33 MP: 3/3
   678 | D:2      | Found a shattered altar of Ashenzari.
  1023 | D:2      | Reached ** piety under Trog
  1481 | D:3      | Found a bloodstained altar of Trog.
  1671 | D:3      | Reached XP level 4. HP: 28/40 MP: 4/4
  1778 | D:3      | Noticed Jessica
  1793 | D:3      | Killed Jessica
  1838 | D:3      | Found a sacrificial altar of Ru.
  1840 | D:3      | Found a basalt altar of Yredelemnul.
  1840 | D:3      | Found a snail-covered altar of Cheibriados.
  1840 | D:3      | Found a white marble altar of Elyvilon.
  1840 | D:3      | Found a shadowy altar of Dithmenos.
  1967 | D:3      | Found an iron altar of Okawaru.
  1996 | D:4      | Noticed Edmund
  2010 | D:4      | Killed Edmund
  2010 | D:4      | Reached skill level 5 in Axes
  2010 | D:4      | Reached XP level 5. HP: 47/47 MP: 5/5
  2034 | D:4      | Reached skill level 5 in Fighting
  2193 | D:4      | Reached XP level 6. HP: 43/56 MP: 6/6
  2912 | D:4      | Found a staircase to the Ecumenical Temple.
  2953 | D:4      | Reached XP level 7. HP: 61/61 MP: 7/7
  3017 | D:4      | Reached skill level 6 in Axes
  3026 | D:5      | Entered Level 5 of the Dungeon
  3147 | D:5      | Noticed Situis's ghost (novice HOFi)
  3179 | D:5      | HP: 2/61 [Situis's ghost (4)]
  3181 | D:5      | Mangled by Situis's ghost

Skill      XL: |  1  2  3  4  5  6  7 |
---------------+----------------------+-----
Fighting       | 4 5 |  5.6
Armour         | 3 4 |  4.7
Dodging        | 2 3 |  3.2
Axes           | 5 6 |  6.0

Action                   |  1- 3 |  4- 6 |  7- 9 || total
-------------------------+-------+-------+-------++-------
Melee: Hand axe          |   112 |   123 |    66 ||   301
Invok: Berserk           |     1 |     1 |     1 ||     3
       Trog's Hand       |       |       |     1 ||     1
  Use: Scroll            |       |       |     1 ||     1
  Eat: Chunk             |     3 |     4 |     1 ||     8
       Pizza             |       |     1 |       ||     1
Armor: Leather armour    |    23 |    48 |     7 ||    78
       Animal skin       |     1 |       |       ||     1
       Scale mail        |       |       |     9 ||     9
Dodge: Dodged            |    50 |    72 |    37 ||   159
